 Dungeon Crawl Stone Soup version 0.20-a0-208-g55166f7 (webtiles) character file.

3 deepsabbath the Firebug (level 1, -1/10 HPs)
             Began as a Deep Elf Fire Elementalist on Nov 25, 2016.
             Slain by a kobold
             ... wielding a +0 whip
              (6 damage)
             ... on level 1 of the Dungeon.
             The game lasted 00:01:35 (545 turns).

deepsabbath the Firebug (Deep Elf Fire Elementalist) Turns: 545, Time: 00:01:36

Health: -1/10      AC:  3    Str:  5    XL:     1   Next: 41%
Magic:  6/6        EV: 13    Int: 19    God:
Gold:   12         SH:  0    Dex: 15    Spells: 5/6 levels left

rFire  . . .     SeeInvis .     (no weapon)
rCold  . . .     Gourm    .     a - +0 robe
rNeg   . . .     Faith    .     (no shield)
rPois  .         Spirit   .     (no helmet)
rElec  .         Reflect  .     e - +0 cloak
rCorr  .         Harm     .     (no gloves)
MR     .....                    (no boots)
Stlth  ++........               (no amulet)
                                (no ring)
                                (no ring)

@: no status effects
A: no striking features
a: no special abilities


You were on level 1 of the Dungeon.
You were not hungry.

You visited 1 branch of the dungeon, and saw 2 of its levels.

You collected 12 gold pieces.

Inventory:

Armour
 a - a +0 robe (worn)
 e - a +0 cloak (worn)
   (You found it on level 1 of the Dungeon)
Books
 b - a book of Flames
Comestibles
 c - a bread ration {@e1}


   Skills:
 + Level 2.8 Dodging
 - Level 2.4 Stealth
 - Level 3.0 Spellcasting
 - Level 1.1 Conjurations
 - Level 3.2 Fire Magic


You had 5 spell levels left.
You knew the following spells:

 Your Spells              Type           Power        Failure   Level  Hunger
a - Flame Tongue          Conj/Fire      ##...        10%         1    None


Dungeon Overview and Level Annotations

Branches:
Dungeon (2/15)

Altars:


Message History

You miss the bat. The bat barely misses you.
A bat is nearby!
The bat hits you but does no damage. The bat misses you.
You completely miss the bat. The bat barely misses you. The bat misses you.
The bat barely misses you. x2
You closely miss the bat. The bat barely misses you.
The bat completely misses you.
You hit the bat. The bat closely misses you. The bat barely misses you.
The bat barely misses you. The bat hits you.
You take 1 damage, and have 6/10 hp.
The bat hits you.
You take 1 damage, and have 5/10 hp.
You closely miss the bat. The bat hits you but does no damage.
The bat hits you.
You take 1 damage, and have 4/10 hp.
The bat barely misses you.
You hit the bat. The bat closely misses you.
The bat hits you but does no damage.
You closely miss the bat. The bat closely misses you.
There is a staircase leading out of the dungeon here.
You closely miss the bat. The bat barely misses you.
The bat hits you but does no damage.
You hit the bat.
You kill the bat!
You start resting.
Health restored: 10 You see here a bat corpse.
You butcher the bat corpse.
d - a chunk of flesh {@w0}
There is a staircase leading out of the dungeon here.
There is an open door here.
You now have 12 gold pieces.
You open the door.
There is an open door here.
You open the door.
There is an open door here.
You open the door.
A dart slug comes into view.
Found a cloak and 18 arrows.
Found a stone staircase leading down.
There is an open door here.
You see here a cloak.
The dart slug bites you.
You take 1 damage, and have 9/10 hp.
You hit the dart slug but do no damage. The dart slug launches a dart at you.
The slug dart misses you.
You hit the dart slug but do no damage. You hit the dart slug.
The dart slug bites you.
You take 1 damage, and have 8/10 hp.
You hit the dart slug. The dart slug bites you.
You take 2 damage, and have 6/10 hp.
You hit the dart slug but do no damage. You hit the dart slug.
The dart slug misses you.
You hit the dart slug. The dart slug bites you.
You take 1 damage, and have 5/10 hp.
You hit the dart slug. You hit the dart slug but do no damage.
The dart slug bites you but does no damage.
You hit the dart slug.
You kill the dart slug!
You see here 18 arrows.
e - a cloak Wear which item? (? for menu, Esc to quit)
You start putting on your armour.
You continue putting on your cloak. x3
All of the chunks of flesh in your inventory have rotted away.
You continue putting on your cloak.
You finish putting on your +0 cloak.
You start resting.
Health restored: 10
There is a stone staircase leading down here.
You climb downwards.
There is a stone staircase leading up here.
d - a scroll labeled AMURUINAME A goblin comes into view.
There is a stone staircase leading up here.
You climb upwards.
There is a stone staircase leading down here.
You open the door.
A goblin comes into view. It is wielding a dagger.
There is an open door here.
You close the door.
As you open the door, it creaks loudly!
You hear a shout!
There is an open door here.
A kobold comes into view. It is wielding a whip.
You barely miss the kobold. The kobold hits you with a whip.
Ouch! That really hurt!
You take 5 damage, and have 5/10 hp.
MASSIVE DAMAGE!!
You aren't carrying any potions.
As you read the scroll labeled AMURUINAME, it crumbles to dust.
It is a scroll of identify.
You don't have any unidentified items.
The kobold hits you but does no damage.
You closely miss the kobold. The kobold hits you but does no damage.
You hit the kobold but do no damage. The kobold hits you with a whip.
Ouch! That really hurt!
You die...

### ##.## ##...##
..... ... #K# #@#
#.# ## ##'## .g
##...## .#
##.....## .# #
##.......##.# ..#
#.........#.#...?.
+.........+.......
#.....>...#.##.(.#


You could see a kobold.

Vanquished Creatures
  A dart slug (D:1)
  A bat (D:1)
2 creatures vanquished.

Notes
Turn   | Place    | Note
-------+----------+-------------------------------------------
     0 | D:1      | deepsabbath the Deep Elf Fire Elementalist began the quest for the Orb.
     0 | D:1      | Reached XP level 1. HP: 10/10 MP: 6/6
   545 | D:1      | Slain by a kobold

Vault maps used:
D:1:      dpeg_arrival_houses_and_road, hangedman_decor_points

Action                   || total
-------------------------++-------
Melee: Unarmed           ||    32
  Use: Scroll            ||     1
Armor: Robe              ||    10
Dodge: Dodged            ||    29

Vault maps used:
D:1:      dpeg_arrival_houses_and_road, hangedman_decor_points

Table legend:
 A = Turns spent in this place as a percentage of turns spent in the entire game.
 B = Non-inter-level travel turns spent in this place as a percentage of non-inter-level travel turns spent in the entire game.
 C = Inter-level travel turns spent in this place as a percentage of turns spent in this place.
 D = Turns resting spent in this place as a percentage of non-inter-level travel turns spent in this place.
 E = Turns spent auto-exploring this place as a percentage of non-inter-level travel turns spent in this place.
 F = Non-inter-level travel turns spent in this place divided by the number of levels of this place that you've seen.
                   A       B       C       D       E      F
               +-------+-------+-------+-------+-------+----------------------
         Total | 100.0 | 100.0 |   0.6 |   2.2 |   1.1 |  89.0
       Dungeon | 100.0 | 100.0 |   0.6 |   2.2 |   1.1 |  89.0
               +-------+-------+-------+-------+-------+----------------------

Table legend:
 A = Kills in this place as a percentage of kills in entire the game.
 B = Kills by you in this place as a percentage of kills by you in the entire game.
 C = Kills by friends in this place as a percentage of kills by friends in the entire game.
 D = Other kills in this place as a percentage of other kills in the entire game.
 E = Experience gained in this place as a percentage of experience gained in the entire game.
 F = Experience gained in this place divided by the number of levels of this place that you have seen.
                   A       B       C       D       E      F
               +-------+-------+-------+-------+-------+----------------------
         Total | 100.0 | 100.0 |  -nan |  -nan | 100.0 |   2.5
       Dungeon | 100.0 | 100.0 |  -nan |  -nan | 100.0 |   2.5
               +-------+-------+-------+-------+-------+----------------------
